 Dungeon Crawl Stone Soup version 0.29.1-15-g9cfb28693d (webtiles) character file.

Game seed: 16925575644852039098

210 kevinolsonyan the Chopper (level 5, -4/47 HPs)
             Began as a Hill Orc Fighter on Apr 13, 2023.
             Slain by Duvessa
             ... wielding a +0 short sword
              (11 damage)
             ... on level 4 of the Dungeon.
             The game lasted 00:05:52 (2403 turns).

kevinolsonyan the Chopper (Hill Orc Fighter)        Turns: 2403, Time: 00:05:52

Health: -4/47      AC: 10    Str: 21    XL:     5   Next: 87%
Magic:  5/5        EV: 10    Int:  8    God:
Gold:   187        SH: 10    Dex: 12    Spells: 4/4 levels left

rFire   . . .      SeeInvis +   a - +0 war axe
rCold   . . .      Faith    .   c - +0 buckler
rNeg    + + .      Spirit   .   b - +0 scale mail
rPois   .          Reflect  +   (no helmet)
rElec   .          Harm     .   e - +0 cloak of Abbuconi {Contam rN++ Will- Str+2 SInv}
rCorr   .          Rampage  .   h - +1 pair of gloves
Will    .....                   (no boots)
Stlth   ..........              l - amulet of reflection
HPRegen 0.15/turn               (no ring)
MPRegen 0.09/turn               (no ring)

@: mighty, hasted, very quick
A: MP-powered wands
a: Convert to Beogh


You were on level 4 of the Dungeon.
You visited 1 branch of the dungeon, and saw 4 of its levels.

You collected 187 gold pieces.

Inventory:

Hand Weapons
 a - a +0 war axe (weapon)
Armour
 b - a +0 scale mail (worn)
 c - a +0 buckler (worn)
 e - the +0 cloak of Abbuconi (worn) {Contam rN++ Will- Str+2 SInv}
   (You acquired it on level 2 of the Dungeon)

   Str:       It affects your strength (+2).
   rN:        It greatly protects you from negative energy.
   SInv:      It lets you see invisible.
   Contam:    It causes magical contamination when unequipped.
   Will:      It decreases your willpower.
 h - a +1 pair of gloves (worn)
 n - a +2 cloak
Jewellery
 l - an amulet of reflection (around neck)
 q - an amulet of regeneration
Scrolls
 j - a scroll of identify
 p - a scroll of magic mapping
Potions
 d - 2 potions of might
 f - a potion of berserk rage {unknown}
 i - a potion of curing {unknown}
 o - a potion of attraction {unknown}


   Skills:
 + Level 4.3 Fighting
 + Level 5.4 Axes
 + Level 3.9 Armour
 * Level 1.6 Dodging
 + Level 4.0 Shields


You had 4 spell levels left.
You didn't know any spells.
Your spell library was empty.

Dungeon Overview and Level Annotations

Branches:
Dungeon (4/15)
 Temple: D:4-7

Altars:

Annotations:
D:4 Duvessa


Innate Abilities, Weirdness & Mutations

You expend magic power (3 MP) to strengthen your wands.


Message History

The orc priest shouts, "Beogh is our master!
Accept the truth or die!"
You slash the orc!
You kill the orc!
The orc priest shouts, "Join the one true god or die!"
Dowan hits you with a +0 dagger.
The orc priest shouts, "Join the one true god or die!"
The orc priest hits you but does no damage.
Duvessa hits you with a +0 short sword. The howler monkey barely misses you.
The orc priest threatens, "By the altar or by the axe, you will meet Beogh!"
Your Axes skill increases to level 5!
You barely miss Duvessa.
Duvessa is heavily wounded.
You hit the howler monkey. You slash the orc priest!
You kill the orc priest!
You slash Dowan! Dowan gestures at you while chanting.
The puff of frost hits you.
* * * LOW HITPOINT WARNING * * *
Duvessa hits you but does no damage. The howler monkey barely misses you.
You feel much better. Duvessa misses you. You block Dowan's attack.
The howler monkey hits you.
You closely miss Duvessa.
Duvessa is heavily wounded.
The orc priest threatens, "By the altar or by the axe, you will meet Beogh!"
You slash Dowan!
You kill Dowan!
Duvessa weeps, and shakes her weapon.
Duvessa goes berserk!
You slash the howler monkey! You hit the orc priest.
You block Duvessa's attack. The howler monkey closely misses you.
The orc priest hits you with a +0 morningstar.
Duvessa hits you with a +0 short sword! You block the howler monkey's attack.
The orc priest calls down the wrath of Beogh upon you.
Beogh smites you!
* * * LOW HITPOINT WARNING * * *
Your Shields skill increases to level 4!
Okay, then.
You feel yourself speed up. Duvessa barely misses you.
The howler monkey hoots and howls with incredible vigour!
Duvessa hits you with a +0 short sword!
You die...

................
.........>....$...
..................
..................
..................
...<..............
..................
.......o)†........
.......@h)........
.......e).........
..................
..................
..................
..................
#.........######..
#......##.. ..


You could see Duvessa (berserk), a howler monkey (catching breath) and an orc
priest.

Vanquished Creatures
  Dowan (D:4)
  3 orc priests
  An adder (D:2)
  2 worms
  A dart slug (D:2)
  9 orcs
  2 ball pythons
  4 bats
  6 endoplasms
  3 giant cockroaches
  7 goblins
  2 hobgoblins
  6 frilled lizards
  3 rats
50 creatures vanquished.

Notes
Turn   | Place    | Note
-------+----------+-------------------------------------------
     0 | D:1      | kevinolsonyan the Hill Orc Fighter began the quest for the
                  | Orb.
     0 | D:1      | Reached XP level 1. HP: 19/19 MP: 1/1
   188 | D:1      | Reached XP level 2. HP: 26/27 MP: 2/2
   271 | D:1      | Reached skill level 3 in Axes
   288 | D:1      | Found a faded altar of an unknown god.
   770 | D:2      | Identified a scroll of acquirement
   770 | D:2      | Acquired the +0 cloak of Abbuconi {Contam rN++ Will- Str+2
                  | SInv}
  1011 | D:2      | Reached XP level 3. HP: 31/33 MP: 3/3
  1306 | D:2      | Reached skill level 4 in Axes
  1473 | D:3      | Reached XP level 4. HP: 34/40 MP: 4/4
  1582 | D:3      | Gained mutation: You expend magic power (3 MP) to
                  | strengthen your wands. [potion of mutation]
  1705 | D:3      | Reached skill level 1 in Dodging
  1867 | D:3      | Reached XP level 5. HP: 6/46 MP: 5/5
  2376 | D:4      | Noticed Duvessa
  2377 | D:4      | Noticed Dowan
  2400 | D:4      | Reached skill level 5 in Axes
  2402 | D:4      | Killed Dowan
  2403 | D:4      | Slain by Duvessa

Illustrated notes

Levels and vault maps discovered:
D:1:      nagdon_arrival_zigzag_paths, layout_loops_ring,
          ebering_ecumenical_altar_abandoned
D:2:      layout_basic
D:3:      layout_basic
D:4:      minmay_inner_zag, layout_basic, gammafunk_ghost_cemetery,
          nicolae_wooded_promenade, uniq_duvessa

Skill      XL: |  1  2  3  4  5 |
---------------+----------------+-----
Axes           | 3 4 5 |  5.4
Fighting       | 4 |  4.3
Dodging        | 1 |  1.6
Shields        | 4 |  4.0
Armour         | |  3.9

Action                   |  1- 3 |  4- 6 || total
-------------------------+-------+-------++-------
Melee: War axe           |    89 |    40 ||   129
  Use: Scroll            |     6 |     5 ||    11
       Potion            |       |     4 ||     4
Armor: Scale mail        |    51 |    13 ||    64
Dodge: Dodged            |    32 |    20 ||    52
Block: Buckler           |    31 |    18 ||    49
